 Dungeon Crawl Stone Soup version 0.25.0-3-gd7cc5688da (webtiles) character file.

Game seed: 17084750182078984351

14217 nikku the Thaumaturge (level 11, -19/67 HPs)
             Began as a Deep Elf Conjurer on June 15, 2020.
             Was an Elder of Vehumet.
             Demolished by a very large slime creature (47 damage)
             ... on level 11 of the Dungeon.
             The game lasted 00:45:00 (13963 turns).

nikku the Thaumaturge (Deep Elf Conjurer)          Turns: 13963, Time: 00:45:01

Health: -19/67     AC: 12    Str:  5    XL:     11   Next: 85%
Magic:  5/28       EV: 17    Int: 24    God:    Vehumet [****..]
Gold:   1868       SH:  0    Dex: 15    Spells: 15/33 levels left

rFire    . . .     SeeInvis .   D - -3 quarterstaff (curse)
rCold    + . .     Gourm    .   (shield currently unavailable)
rNeg     . . .     Faith    +   o - +1 leather armour {rC+}
rPois    .         Spirit   .   (no helmet)
rElec    .         Reflect  .   (no cloak)
rCorr    .         Harm     .   b - +2 pair of gloves
MR       ++...                  n - +2 pair of boots
Stlth    +++.......             q - amulet of faith
HPRegen  0.21/turn              i - +4 ring of evasion
MPRegen  0.21/turn              g - ring of protection from magic

@: no status effects
A: icy blue scales 1, mutation resistance 1
a: Renounce Religion


You were on level 11 of the Dungeon.
You worshipped Vehumet.
Vehumet was greatly pleased with you.
You were very hungry.

You visited 1 branch of the dungeon, and saw 12 of its levels.

You collected 2068 gold pieces.
You spent 200 gold pieces at shops.

Inventory:

Hand Weapons
 a - a +2 war axe of venom
 D - a cursed -3 quarterstaff (weapon)
 F - a +5 battleaxe of freezing
 I - a +0 long sword
 K - a cursed +4 scimitar
Missiles
 j - 34 poisoned darts
 r - 6 curare-tipped darts (quivered)
Armour
 b - a +2 pair of gloves (worn)
 n - a +2 pair of boots (worn)
 o - a +1 leather armour of cold resistance (worn)
Jewellery
 e - an uncursed amulet of regeneration
 g - a ring of protection from magic (right hand)
 i - a +4 ring of evasion (left hand)
 l - an uncursed ring of protection from cold
 m - an uncursed ring of see invisible
 q - an amulet of faith (around neck)
Wands
 v - a wand of polymorph (14)
 w - a wand of flame (32)
 y - a wand of random effects (22)
 B - a wand of digging (4)
 E - a wand of acid (15)
 J - a wand of paralysis (13)
Scrolls
 d - a scroll of enchant armour
 f - 2 scrolls of enchant weapon
 k - a scroll of teleportation
 x - 2 scrolls of magic mapping
Potions
 h - 3 potions of lignification
 p - 2 potions of haste
 s - 6 potions of heal wounds
 u - 2 potions of resistance
 z - 2 potions of curing
 A - a potion of cancellation
 C - a potion of might {unknown}
 G - 3 potions of mutation
 H - a potion of magic {unknown}
 N - a potion of ambrosia {unknown}
Comestibles
 c - 22 rations


   Skills:
 + Level 7.3 Fighting
 + Level 4.6 Dodging
 + Level 5.0 Stealth
 + Level 11.8 Spellcasting
 + Level 10.6 Conjurations
 - Level 9.9 Hexes
 - Level 8.3 Translocations


You had 15 spell levels left.
You knew the following spells:

 Your Spells              Type           Power        Failure   Level  Hunger
a - Magic Dart            Conj           ####         1%          1    None
b - Searing Ray           Conj           ######       1%          2    None
c - Iskenderun's Mystic   Conj/Tloc      ######..     1%          4    None
d - Fulminant Prism       Conj/Hex       ######....   1%          4    None
e - Blink                 Tloc           N/A          1%          2    None
f - Slow                  Hex            ######..     1%          2    None
g - Conjure Flame         Conj/Fire      #####...     1%          3    None

Your spell library contained the following spells:

 Spells                   Type           Power        Failure   Level  Hunger
 Olgreb's Toxic Radiance  Pois           ##......     19%         4    None
 Dazzling Flash           Conj/Hex       ######       1%          3    None
 Mephitic Cloud           Conj/Pois/Air  ####....     1%          3    None
 Call Imp                 Summ           ##......     11%         2    None


Dungeon Overview and Level Annotations

Branches:
Dungeon (12/15)            Temple (0/1) D:4            Lair (0/6) D:11
    Orc (0/2) D:11

Altars:
Ashenzari
Dithmenos
Kikubaaqudgha
Makhleb
Okawaru
Sif Muna
Trog
Vehumet
Wu Jian
Xom
Zin
The Shining One

Shops:
D:4 :

Annotations:
D:11 exclusion: oklob plant


Innate Abilities, Weirdness & Mutations

You are partially covered in icy blue scales. (AC +2)
You are somewhat resistant to further mutation.


Message History

You erupt in a blast of force!
The mystic blast hits the very large slime creature!
The very large slime creature is heavily wounded.
The very large slime creature is knocked back by the mystic blast.
The mystic blast hits the large slime creature!
The large slime creature is heavily wounded.
The large slime creature is knocked back by the mystic blast.
Casting: Iskenderun's Mystic Blast (safe; 1% risk of failure)
Confirm with . or Enter, or press ? or * to list all spells.
Aiming: Magic Dart (safe; 1% risk of failure)
Press: ? - help, Shift-Dir - straight line, f - very large slime creature
Aim: a very large slime creature (heavily wounded)
The magic dart hits the very large slime creature!
The very large slime creature is heavily wounded.
The very large slime creature closely misses you.
The very large slime creature barely misses you.
There is an open door here.
The very large slime creature hits you!!!
Ouch! That really hurt!
You die...

#'###'####................#'###.#
...'.....#................#......
...#.....'................#......
...##....#................#......
...#######.....####.......#......
....#....#.>...'..#.......#..##..
...##....#.....#..#...)...#..####
#####....#######..#.......#...#
####'##.....@.#.......#...#
#..>..#....J..#.......#...#
#....J'.J.....[..)....#..#### #
#....###'###..#.......#..#...
#######...#...##..#.......####...
...≈...#..#.......#..............
.#..[#.)J.#.......#..............
##P.P##...#...##..#..............
.PPPPP..#.#...##..#..............


You could see a very large slime creature and 2 slime creatures.

Vanquished Creatures
  2 two-headed ogres
  An ugly thing (D:11)
  2 cyclopes (D:12)
  3 centaur skeletons
  A freezing wraith (D:11)
  A komodo dragon (D:11)
  A tengu conjurer (D:10)
  3 meliai (D:10)
  2 hornets
  2 hippogriffs
  Sigmund (D:5)
  A shadow (D:11)
  2 wyverns
  16 yaks
  2 hungry ghosts
  Grum (D:8)
  Eustachio (D:5)
  Menkaure (D:6)
  A water moccasin (D:6)
  An acid dragon (D:12)
  2 orc warriors (D:9)
  3 ice beasts
  3 sky beasts (D:8)
  4 ogres
  A black bear (D:8)
  A hornet zombie (D:11)
  4 phantoms
  An eye of draining (D:11)
  5 centaurs
  2 necrophages
  4 wolves
  A crocodile (D:11)
  A big kobold (D:9)
  3 bullfrogs
  5 scorpions
  8 killer bees
  9 wights
  2 howler monkeys
  3 crimson imps
  A bullfrog zombie (D:11)
  A quasit (D:8)
  4 hounds
  7 orc priests
  A jelly (D:11)
  A bullfrog skeleton (D:11)
  Ijyb (D:5)
  11 worker ants
  5 iguanas
  6 orc wizards
  8 gnolls
  A howler monkey skeleton (D:11)
  14 adders
  An adder zombie (D:7)
  3 worms
  2 dart slugs
  3 leopard geckos
  26 orcs
  7 bats
  10 giant cockroaches
  8 goblins
  9 hobgoblins
  16 jackals
  7 kobolds
  2 quokkas
  A ball python (D:5)
  A ball python skeleton (D:4)
  A ball python zombie (D:5)
  5 frilled lizards
  A quokka skeleton (D:6)
  5 rats
  2 fulminant prisms
278 creatures vanquished.

Vanquished Creatures (others)
  9 fulminant prisms
9 creatures vanquished.

Grand Total: 287 creatures vanquished

Notes
Turn   | Place    | Note
-------+----------+-------------------------------------------
     0 | D:1      | nikku the Deep Elf Conjurer began the quest for the Orb.
     0 | D:1      | Reached XP level 1. HP: 10/10 MP: 6/6
   107 | D:1      | Reached XP level 2. HP: 16/16 MP: 1/8
   336 | D:1      | Reached skill level 1 in Fighting
   678 | D:1      | Reached XP level 3. HP: 20/20 MP: 7/10
  1093 | D:1      | Found a shimmering altar of Xom.
  1321 | D:2      | Reached skill level 4 in Spellcasting
  1325 | D:2      | Learned a level 2 spell: Searing Ray
  1461 | D:2      | Reached skill level 5 in Conjurations
  1662 | D:2      | Found a glowing silver altar of Zin.
  1685 | D:2      | Found a shimmering blue altar of Sif Muna.
  1726 | D:2      | Reached XP level 4. HP: 25/25 MP: 10/12
  1831 | D:2      | Found an ornate altar of the Wu Jian Council.
  2492 | D:3      | Reached XP level 5. HP: 30/30 MP: 10/14
  2509 | D:3      | Learned a level 4 spell: Iskenderun's Mystic Blast
  2514 | D:3      | Learned a level 4 spell: Fulminant Prism
  2590 | D:3      | Reached skill level 5 in Spellcasting
  2590 | D:3      | Reached skill level 1 in Hexes
  2590 | D:3      | Reached skill level 1 in Translocations
  3163 | D:4      | Noticed a phantom
  3171 | D:4      | Killed a phantom
  3171 | D:4      | Reached XP level 6. HP: 33/36 MP: 5/15
  3325 | D:4      | Found a staircase to the Ecumenical Temple.
  3504 | D:4      | Found a shattered altar of Ashenzari.
  3544 | D:4      | Found Kavissem's Book Emporium.
  4202 | D:4      | Bought a book of Minor Magic for 200 gold pieces
  4205 | D:4      | Learned a level 2 spell: Slow
  4208 | D:4      | Learned a level 2 spell: Blink
  4244 | D:5      | Entered Level 5 of the Dungeon
  4506 | D:5      | Reached XP level 7. HP: 40/40 MP: 14/17
  4590 | D:5      | Found a shadowy altar of Dithmenos.
  4690 | D:5      | Reached skill level 6 in Spellcasting
  4874 | D:5      | Noticed Eustachio
  4897 | D:5      | Killed Eustachio
  4897 | D:5      | Reached XP level 8. HP: 46/46 MP: 2/19
  5173 | D:5      | Noticed Sigmund
  5180 | D:5      | Killed Sigmund
  5180 | D:5      | Reached skill level 7 in Spellcasting
  5302 | D:5      | Noticed Ijyb
  5307 | D:5      | Killed Ijyb
  5307 | D:5      | Reached skill level 5 in Hexes
  5522 | D:5      | Reached skill level 5 in Translocations
  5522 | D:5      | Reached XP level 9. HP: 23/52 MP: 2/22
  5876 | D:6      | Reached skill level 8 in Spellcasting
  6031 | D:6      | Noticed Menkaure
  6035 | D:6      | Killed Menkaure
  6424 | D:6      | Noticed Edmund
  6427 | D:6      | Noticed Edmund
  6427 | D:6      | Edmund changed into Edmund the water moccasin
  6433 | D:6      | Killed Edmund the water moccasin
  6823 | D:7      | Found a radiant altar of Vehumet.
  6826 | D:7      | Became a worshipper of Vehumet
  7030 | D:7      | Found a bloodstained altar of Trog.
  7245 | D:7      | Reached skill level 5 in Fighting
  7397 | D:7      | Found a shimmering altar of Xom.
  7397 | D:7      | Found a burning altar of Makhleb.
  7657 | D:8      | Noticed Grum
  7705 | D:9      | Reached skill level 9 in Spellcasting
  7787 | D:9      | Found a glowing golden altar of the Shining One.
  7813 | D:8      | Killed Grum
  8024 | D:8      | Reached XP level 10. HP: 59/59 MP: 2/25
  8328 | D:8      | Found an ancient bone altar of Kikubaaqudgha.
  8605 | D:8      | Reached * piety under Vehumet
  8605 | D:8      | Offered knowledge of Sandblast by Vehumet.
  9409 | D:9      | Reached skill level 10 in Spellcasting
  9542 | D:9      | Reached ** piety under Vehumet
  9779 | D:9      | Found an iron altar of Okawaru.
  9923 | D:9      | Offered knowledge of Freeze by Vehumet.
 10009 | D:9      | Noticed a two-headed ogre
 10019 | D:9      | Killed a two-headed ogre
 10262 | D:9      | Identified a scroll of acquirement
 10304 | D:10     | Entered Level 10 of the Dungeon
 10555 | D:10     | Reached XP level 11. HP: 55/66 MP: 19/27
 10868 | D:10     | Offered knowledge of Static Discharge by Vehumet.
 10873 | D:10     | Learned a level 3 spell: Conjure Flame
 11346 | D:10     | Noticed a two-headed ogre
 11351 | D:10     | Killed a two-headed ogre
 11351 | D:10     | Reached skill level 11 in Spellcasting
 11351 | D:10     | Reached skill level 10 in Conjurations
 11492 | D:10     | Reached *** piety under Vehumet
 11861 | D:10     | Gained mutation: You are somewhat resistant to further
                  | mutation. [potion of mutation]
 11861 | D:10     | Gained mutation: You are partially covered in icy blue
                  | scales. (AC +2) [potion of mutation]
 12376 | D:11     | Found a staircase to the Lair.
 12376 | D:11     | Noticed an oklob plant
 12439 | D:11     | Offered knowledge of Olgreb's Toxic Radiance by Vehumet.
 12613 | D:11     | Found a staircase to the Orcish Mines.
 12863 | D:11     | Noticed a white ugly thing
 12877 | D:11     | Killed a white ugly thing
 13399 | D:11     | Reached **** piety under Vehumet
 13916 | D:12     | Reached skill level 5 in Stealth
 13963 | D:11     | Demolished by a very large slime creature

Illustrated notes

Levels and vault maps discovered:
D:1:      dpeg_arrival_water_altar, layout_rooms, minmay_misc_feat_hallway,
          hex_large
D:2:      layout_basic, overflow_temple_1_default, lemuel_round_altar,
          nicolae_overflow_crystal_walls
D:3:      layout_basic, first_ration
D:4:      layout_loops_corners, ashenzari_conservatory_becter,
          minmay_temple_entry_steel_oval, serial_shops, nicolae_shop_crystal
D:5:      layout_basic, nicolae_overflow_hidden_temple, uniq_eustachio,
          uniq_ijyb, uniq_sigmund
D:6:      layout_rooms, serial_bayou, serial_bayou_pond_b, serial_bayou_pond_a,
          serial_bayou_pond_b, serial_bayou_lagoon_a, uniq_menkaure, uniq_edmund
D:7:      layout_basic, grunt_temple_overflow_champion_of_chaos,
          old_standard_altar, kennysheep_mini_moat
D:8:      layout_basic, kiku_gazebo_pond_becter, uniq_grum
D:9:      cheibrodos_elevator_heist, layout_cave_pods, kennysheep_mini,
          tso_metal_star
D:10:     layout_loops_cross, grunt_tengu_nest
D:11:     layout_gridville, dpeg_oklobed_lair, orc_0_dummy
D:12:     gammafunk_worm_tunnel, layout_basic, minmay_guarded_unrand_resistance

Skill      XL: |  1  2  3  4  5  6  7  8  9 10 11 |
---------------+----------------------------------+-----
Fighting       | 1 2 3 4 5 6 7 |  7.3
Spellcasting   | 4 5 6 7 9 10 11 | 11.8
Conjurations   | 5 6 7 8 9 10 | 10.6
Hexes          | 2 4 6 7 9 |  9.9
Translocations | 1 2 3 5 6 7 8 |  8.3
Stealth        | 5 |  5.0
Dodging        | 4 |  4.6

Action                   |  1- 3 |  4- 6 |  7- 9 | 10-12 || total
-------------------------+-------+-------+-------+-------++-------
Melee: Dagger            |       |     5 |     3 |       ||     8
 Cast: Magic Dart        |    96 |    75 |   131 |   195 ||   497
       Searing Ray       |       |    11 |    51 |    73 ||   135
       Iskenderun's Myst |       |       |     1 |    41 ||    42
       Fulminant Prism   |       |       |       |    11 ||    11
       Conjure Flame     |       |       |       |     2 ||     2
       Blink             |       |       |       |     2 ||     2
       Slow              |       |       |       |     1 ||     1
Evoke: Wand              |       |       |     3 |       ||     3
  Use: Scroll            |     2 |    12 |     4 |     9 ||    27
       Potion            |       |       |     2 |     1 ||     3
  Eat: Chunk             |     2 |     9 |    10 |    14 ||    35
       Ration            |       |       |       |     1 ||     1
Armor: Robe              |     6 |       |       |       ||     6
       Leather armour    |     1 |     5 |    21 |    50 ||    77
Dodge: Dodged            |    23 |    21 |    69 |   110 ||   223
